Map: Prion Terraces

Players

Miszu - Winner!

  • Race: Terran Terran
  • League: Master

masterbonsai

  • Race: Terran Terran

VOD

Have the link to the VOD?

Description

Time

  • Played on: Feb. 6, 2016, 3:05 p.m.
  • Length: 3:11
Show
View Real Time Build Order
Export as new Build Order

Miszu Terran - Winner!

Build Orders:  

Get SALT Encoding   

  12  0:01  SCV  
  13  0:13  SCV  
  14  0:18  Supply Depot  
  14  0:25  SCV  
  15  0:45  Barracks  
  15  0:47  Refinery  
  15  0:57  Barracks  
  15  1:10  SCV  
  16  1:24  SCV  
  17  1:32  Barracks Tech Lab  
  17  1:37  Orbital Command  
  17  1:42  Supply Depot  
  17  1:44  Barracks Tech Lab  
  17  1:51  Marauder  
  19  1:58  Concussive Shells  
  19  2:02  SCV  
  20  2:09  Marauder  
  22  2:15  Supply Depot  
  22  2:21  Marauder  
  24  2:34  Marauder  
  26  2:43  Marauder  
  26  2:57  SCV  
Show
View Real Time Build Order
Export as new Build Order

masterbonsai Terran 

Build Orders: 1/1/1 

Get SALT Encoding   

  12  0:01  SCV  
  13  0:13  SCV  
  14  0:17  Supply Depot  
  14  0:25  SCV  
  15  0:28  Refinery  
  15  0:39  SCV  
  16  0:44  Barracks  
  16  0:51  SCV  
  16  0:55  Refinery  
  17  1:03  SCV  
  18  1:15  SCV  
  19  1:31  Orbital Command  
  19  1:33  Factory  
  19  1:38  Reaper  
  20  1:49  Supply Depot  
  20  1:58  SCV  
  21  2:10  Reaper  
  21  2:11  SCV  
  23  2:19  Hellion  
  23  2:20  Starport  
  25  2:25  SCV  
  26  2:39  Bunker  
  26  2:40  SCV  
  25  2:54  SCV  
  25  2:57  Factory Tech Lab  
Tags
 
League
Master
Matchup
TvT
Opening
1/1/1
Race
Terran
Add a new tag
Caveats
  • Supply blocks, unpowered buildings, or Contaminate may cause inaccurate times.
  • Supply counts are checked every 10 seconds.